cohdb
Replays
Latest Replays
All Replays
Popular Replays
Top Player Replays
Match Explorer
How It Works
Community
CoH3 Stats
Reddit
Sign in to upload your games and track your stats! →
Sign in with Steam
Match 45772891
Unlisted
Match 45772891
Overview
Messages
Build Orders
End
Selects Armored Battlegroup
Selects Armored Battlegroup
Selects Assault Engineers
Assault Engineer Squad
Construct Weapon Support Center
M1919 Machine Gun Team
Sniper
Bazooka Squad
Assault Engineer Squad
Construct Medical Station
Air Support Center
M1919 Machine Gun Team
Construct Motor Pool
Grasshopper Recon Run
P-47 Strafing Run
实力不足只能当老六了
Adult Asthma Is A Choice
김치워리어
ndydfeixing
TheTableau
Von
0
0
Comments
sign in to comment!
No comments posted yet!